AoeStats
← borgqueen

Migration

509258295Analyzed
1v1 RM · 6d ago on Sep 26, 2026· 44m 13s· 2 players
Game mode
Random Map
Map size
132×132
Population
200
Speed
Normal
Resources
Standard
Victory
Conquest
Starting age
Dark Age
Ending age
Imperial Age
RankedLock teamsTeams togetherTeam positionsShared explorationLock speedFull tech treeHidden civsTurbo modeCheats
Victory
Defeat
🇦🇺 Bulgarians · Australia
1111
+18
🇨🇳 Vikings · China
1144
-18
borgqueen
12:01 Feudal Age
13:55 Double-Bit Axe
15:12 Gold Mining
18:09 Fishing Lines
20:57 Castle Age
19:16 Fletching
19:27 Padded Archer Armor
22:11 Forging
22:01 Scale Mail Armor
22:40 Medium Warships
25:57 Wheelbarrow
27:27 Bodkin Arrow
28:50 Gold Shaft Mining
29:52 Leather Archer Armor
30:12 Iron Casting
29:53 Chain Mail Armor
29:43 Loom
30:51 Hand Cart
30:22 Town Watch
30:32 Arson
30:48 Squires
30:34 Gambesons
32:15 Bow Saw
31:59 Stone Mining
37:35 Imperial Age
38:33 Bracer
40:36 Heavy Scorpion
44:24 Town Patrol
动物凶猛
7:05 Loom
11:40 Feudal Age
17:06 Castle Age
15:05 Double-Bit Axe
18:57 Bow Saw
19:54 Medium Warships
21:35 Fletching
22:19 Gold Mining
23:33 Horse Collar
32:02 Imperial Age
29:48 Bodkin Arrow
31:19 Padded Archer Armor
31:37 Careening
31:36 Siphons
31:51 Ballistics
31:34 Scale Mail Armor
31:45 Forging
33:37 Heavy Warships
33:28 Bracer
35:51 Leather Archer Armor
37:30 Squires
38:14 Hoardings
36:59 Elite Berserk
39:53 Chemistry
39:11 Chain Mail Armor
39:27 Ring Archer Armor
39:33 Iron Casting
38:20 Pikeman
38:50 Crossbowman
41:20 Gold Shaft Mining
40:36 Stone Mining
40:42 Arbalester
41:33 Elite Skirmisher
Connection lost

Rejoining the realm…

Still unreachable

The connection could not be restored.

Session expired

The server has moved on; the page needs a fresh start.